 Dungeon Crawl Stone Soup version 0.26.0-10-g1f06aea511 (webtiles) character file.

Game seed: 1110323615338895632

28 Dracia the Shield-Bearer (level 3, 0/29 HPs)
             Began as a Demonspawn Fighter on Jan 20, 2021.
             Slain by Sigmund
             ... wielding a +2 antimagic scythe
              (3 damage)
             ... on level 2 of the Dungeon.
             The game lasted 00:00:48 (924 turns).

Dracia the Shield-Bearer (Demonspawn Fighter)        Turns: 924, Time: 00:00:48

Health: 0/29       AC:  6    Str: 15 (17) XL:     3   Next: 0%
Magic:  0/3        EV:  7    Int:  7 (9)  God:
Gold:   79         SH:  8    Dex: 10 (12) Spells: 2/2 levels left

rFire    . . .     SeeInvis .   a - +0 rapier
rCold    . . .     Faith    .   c - +0 kite shield
rNeg     . . .     Spirit   .   b - +0 scale mail
rPois    .         Reflect  .   (helmet restricted)
rElec    .         Harm     .   (no cloak)
rCorr    .         Rampage  .   (no gloves)
Will     .....                  (no boots)
Stlth    ..........             (no amulet)
HPRegen  0.09/turn              (no ring)
MPRegen  0.08/turn              (no ring)

@: mighty
A: horns 1, spiny 2, wild magic 1
a: no special abilities


You were on level 2 of the Dungeon.
You visited 1 branch of the dungeon, and saw 2 of its levels.

You collected 79 gold pieces.


Innate Abilities, Weirdness & Mutations

You are mostly covered in sharp spines.
You have a pair of small horns on your head.
Your spells are a little harder to cast, but a little more powerful.


   Skills:
 - Level 3.0 Fighting
 - Level 1.7 Short Blades
 + Level 3.1 Armour
 + Level 1.2 Dodging
 + Level 3.1 Shields


You had 2 spell levels left.
You didn't know any spells.
Your spell library was empty.

Inventory:

Hand Weapons
 a - a +0 rapier (weapon)
Armour
 b - a +0 scale mail (worn)
 c - a +0 kite shield (worn)
Jewellery
 g - an uncursed ring of wizardry {unknown}
Scrolls
 f - 3 scrolls of remove curse {unknown}
 h - a scroll of teleportation {unknown}
Potions
 e - 4 potions of curing {unknown}
 i - a potion of heal wounds {unknown}
 l - a potion of resistance {unknown}

Dungeon Overview and Level Annotations

Branches:
Dungeon (2/15)

Altars:

Annotations:
D:2 Sigmund

###..# ....# #...#
#...# #...# #...#
####...######
.............#####
.......g@....)...#
........{...<###.#
###.#$...#####
#.#....# # #....#
#....# #....#
.....#


You could see a hobgoblin.


Message History

You feel very mighty all of a sudden. The hobgoblin hits you with a +0 club.
You block the worm's attack.
You puncture the worm!
You kill the worm!
Something hits you!
* * * LOW HITPOINT WARNING * * *
You feel your power leaking away. The hobgoblin is struck by your spines.
The hobgoblin hits you but does no damage.
You have reached level 3!
Your experience leads to an increase in your attributes!
Increase (S)trength, (I)ntelligence, or (D)exterity?
You feel stronger.
Your demonic ancestry asserts itself...
Sharp spines emerge from more of your body.
Unknown command.
It was a potion of mutation.
You feel extremely strange. A pair of horns grows on your head!
You feel less in control of your magic. You block the hobgoblin's attack.
Something hits you but does no damage.
It was a potion of degeneration.
There was something very wrong with that liquid.
You feel weakened.
You feel dopey.
You feel clumsy. You block the hobgoblin's attack.
You hear some strange, mumbled words.
Something tries to affect you, but you resist.
Unknown command.
Okay, then.
The hobgoblin is struck by your spines. The hobgoblin hits you with a +0 club.
* * * LOW HITPOINT WARNING * * *
Something hits you.
You die...

Skill      XL: |  1  2 |
---------------+-------+-----
Armour         | 3 |  3.1
Shields        | 3 |  3.1
Dodging        | 1 |  1.2
Fighting       | |  3.0
Short Blades   | |  1.7

Action                   || total
-------------------------++-------
Melee: Rapier            ||    27
  Use: Potion            ||     3
Armor: Scale mail        ||    18
Dodge: Dodged            ||     7
Block: Kite shield       ||    11

Levels and vault maps discovered:
D:1:      roderic_octagonal_star, layout_basic
D:2:      layout_loops_cross, minmay_misc_feat_encased, uniq_terence,
          uniq_sigmund

Notes
Turn   | Place    | Note
-------+----------+-------------------------------------------
     0 | D:1      | Dracia the Demonspawn Fighter began the quest for the Orb.
     0 | D:1      | Reached XP level 1. HP: 18/18 MP: 1/1
   511 | D:1      | Reached skill level 3 in Armour
   511 | D:1      | Reached skill level 3 in Shields
   511 | D:1      | Gained mutation: You are partially covered in sharp spines.
                  | [demonic ancestry]
   511 | D:1      | Reached XP level 2. HP: 15/24 MP: 2/2
   915 | D:2      | Noticed Sigmund
   917 | D:2      | Reached skill level 1 in Dodging
   922 | D:2      | Gained mutation: You are mostly covered in sharp spines.
                  | [demonic ancestry]
   922 | D:2      | Reached XP level 3. HP: 4/29 MP: 0/3
   922 | D:2      | Gained mutation: You have a pair of small horns on your
                  | head. [potion of mutation]
   922 | D:2      | Gained mutation: Your spells are a little harder to cast,
                  | but a little more powerful. [potion of mutation]
   924 | D:2      | Slain by Sigmund

Vanquished Creatures
  An adder (D:2)
  A gnoll (D:1)
  A worm (D:2)
  A leopard gecko (D:1)
  A hobgoblin (D:1)
  2 jackals (D:1)
  A bat (D:1)
8 creatures vanquished.

Table legend: (Time is in decaauts)
 A = Elapsed time spent in this place.
 B = Non-inter-level travel time spent in this place.
 C = Inter-level travel time spent in this place.
 D = Time resting spent in this place.
 E = Time spent auto-exploring this place.
 F = Levels seen in this place.
 G = Mean time per level.
                   A        B        C        D        E       F      G
               +--------+--------+--------+--------+--------+-----+--------+
         Total |    928 |    897 |     31 |      0 |    832 |   2 |  464.0 |
       Dungeon |    928 |    897 |     31 |      0 |    832 |   2 |  464.0 |
               +--------+--------+--------+--------+--------+-----+--------+

Top non-repeatable levels by time:
     D:1: 909 daAuts
     D:2: 19 daAuts

Table legend:
 A = Non-vault XP
 B = Vault XP
 C = Vault XP percentage of total XP
 D = Non-vault monster count
 E = Vault monster count
 F = Vault count percentage of total count
                 A         B        C        D         E       F
            +---------+---------+-------+---------+---------+-------
      Total |      41 |       0 |   0.0 |       8 |       0 |   0.0
            +---------+---------+-------+---------+---------+-------
        D:1 |      23 |       0 |   0.0 |       6 |       0 |   0.0
        D:2 |      18 |       0 |   0.0 |       2 |       0 |   0.0
            +---------+---------+-------+---------+---------+-------
